 Dungeon Crawl Stone Soup version 0.21.0 (webtiles) character file.

187451 taran the Phalangite (level 18, -2/151 HPs)
             Began as a Merfolk Berserker on Jan 5, 2018.
             Was the Champion of Trog.
             Slain by a hornet (12 damage)
             ... while paralysed by a hornet
             ... on level 3 of the Spider Nest on Jan 6, 2018.
             The game lasted 04:03:55 (32634 turns).

taran the Phalangite (Merfolk Berserker)           Turns: 32634, Time: 04:03:55

Health: -2/151     AC: 17    Str: 22    XL:     18   Next: 51%
Magic:  24/24      EV:  2    Int:  7    God:    Trog [******]
Gold:   901        SH:  0    Dex: 16    Spells: 17/17 levels left

rFire    . . .     SeeInvis +   a - +7 bardiche (chop)
rCold    . . .     Gourm    .   (shield currently unavailable)
rNeg     + . .     Faith    +   I - +8 ring mail of Somewhere Else {rN+}
rPois    .         Spirit   .   M - +0 helmet
rElec    .         Reflect  .   B - +2 cloak
rCorr    .         Harm     .   A - +2 pair of gloves {archery}
MR       +....                  J - +1 pair of boots {Fly}
Stlth    +.........             x - amulet of faith
HPRegen  0.35/turn              P - +3 ring of protection
MPRegen  0.19/turn              Y - ring of see invisible

@: paralysed, lethally poisoned (-2 -> -7), corroded, berserk cooldown, flying,
slowed
A: change form in water, swift swim, stealthy swim
a: Berserk, Trog's Hand, Brothers in Arms, Burn Spellbooks, Renounce Religion,
Stop Flying


You were on level 3 of the Spider Nest.
You worshipped Trog.
Trog was exalted by your worship.
You were near starving.

You visited 6 branches of the dungeon, and saw 28 of its levels.
You visited 1 bazaar.
You also visited: Labyrinth, Sewer and Desolation.

You collected 2323 gold pieces.
You spent 1422 gold pieces at shops.

Inventory:

Hand Weapons
 a - a +7 bardiche of chopping (weapon)
 b - a +7 blowgun
 w - a +9 antimagic bardiche
Missiles
 o - 6 javelins (quivered)
 G - 11 poisoned javelins
 S - 6 needles of confusion
 W - 3 curare-tipped needles
 Z - 7 tomahawks of dispersal
Armour
 A - a +2 pair of gloves of archery (worn)
 B - a +2 cloak (worn)
 I - the +8 ring mail of Somewhere Else (worn) {rN+}
   (You found it in the Desolation of Salt)

   It protects you from negative energy.
 J - a +1 pair of boots of flying (worn)
 M - a +0 helmet (worn)
Jewellery
 x - an amulet of faith (around neck)
 P - a +3 ring of protection (left hand)
 Q - an uncursed ring of protection from cold
 T - an uncursed ring of resist corrosion
 Y - a ring of see invisible (right hand)
Wands
 d - a wand of acid (13)
 h - a wand of clouds (3)
 v - a wand of paralysis (45)
 y - a wand of iceblast (10)
 N - a wand of flame (73)
Scrolls
 i - 7 scrolls of teleportation
 j - a scroll of acquirement
 l - a scroll of silence
 n - 8 scrolls of blinking
 p - 4 scrolls of fear
 t - 7 scrolls of magic mapping
 z - a scroll of vulnerability
 C - a scroll of immolation
 F - 4 scrolls of summoning
 K - 6 scrolls of fog
 O - 5 scrolls of enchant armour
 R - 3 scrolls of identify
 V - 2 scrolls of holy word
 X - a scroll of remove curse
Potions
 e - 4 potions of ambrosia
 g - 3 potions of mutation
 k - 12 potions of curing
 m - 9 potions of heal wounds
 q - 4 potions of cancellation
 r - 3 potions of invisibility
 s - a potion of resistance
 u - a potion of magic
 D - 6 potions of might
 E - 2 potions of haste
 L - 5 potions of agility
Books
 f - a book of Burglary

   Spells                             Type                      Level
   a - Swiftness                      Charms/Air                   2
   b - Passwall                       Transmutation/Earth          2
   c - Passage of Golubria            Translocation                4
   d - Lee's Rapid Deconstruction     Earth                        5
   e - Darkness                       Hexes                        6
   f - Invisibility                   Hexes                        6
   Trog disapproves of the use of such an item.
Miscellaneous
 U - a fan of gales
Comestibles
 c - 35 rations


   Skills:
 + Level 15.9 Fighting
 + Level 24.1 Polearms
 + Level 10.7 Throwing
 + Level 11.6 Armour
 + Level 12.7 Dodging
 - Level 8.0 Evocations


You had 17 spell levels left.
You didn't know any spells.

Dungeon Overview and Level Annotations

Branches:
Dungeon (15/15)            Temple (1/1) D:7            Lair (6/6) D:9
  Swamp (0/4) Lair:3       Spider (3/4) Lair:4        Slime (0/5) Lair:6
    Orc (2/2) D:11            Elf (1/3) Orc:2        Vaults (0/5) D:14
 Depths (0/5) D:15

Altars:
Ashenzari
Dithmenos
Elyvilon
Fedhas
Gozag
Kikubaaqudgha
Nemelex Xobeh
Okawaru
Sif Muna
Uskayaw
Vehumet
Xom
Zin
The Shining One
Beogh
Jiyva

Shops:
D:4 :   D:12 *   Orc:2 [[[*:*(

Annotations:
Lair:6 1 runed door


Message History

Evoke which item? (* to show all) (? for menu, Esc to quit)
Aiming: Paralyse
Press: ? - help, Shift-Dir - straight line, f/p - spark wasp
Aim: a spark wasp (severely wounded, chance to defeat MR: 51%)
The spark wasp resists with significant effort.
The hornet stings you.
* * * LOW HITPOINT WARNING * * *
You feel as though you will be slow longer.
The spark wasp stings you but does no damage.
The hornet misses you. The spark wasp closely misses you.
The hornet stings you.
* * * LOW HITPOINT WARNING * * *
You are poisoned.
You suddenly lose the ability to move!
You feel sick. The spark wasp stings you.
* * * LOW HITPOINT WARNING * * *
The spark wasp shocks you!
* * * LOW HITPOINT WARNING * * *
The hornet stings you!
You die...

.. .^ $. ...
#^ .. #. ..
# #. .#.#.
#.###.s...§
##†y.#...ss#
#..@#...#..
##.y†#...#.
##<...^a...
##†####...
.## . #


You could see a spark wasp and a hornet.

Vanquished Creatures
  Rupert (Lair:3)
  Frances (Spider:1)
  Agnes (Spider:1)
  Kirke (D:14)
  Donald (Orc:2)
  An imperial myrmidon (Desolation)
  An emperor scorpion (Spider:2)
  A stone giant (Orc:2)
  3 entropy weavers
  A deep elf annihilator (Elf:1)
  A halazid warlock (Desolation)
  A spark wasp (Spider:2)
  Snorg (D:11)
  4 ettins
  2 crystal guardians (Desolation)
  A minotaur (Lab)
  Josephine (Lair:4)
  6 hydras
  11 ragged hierophants (Desolation)
  4 vault guards (D:14)
  6 servants of whispers (Desolation)
  7 peacekeepers (Desolation)
  6 centaur warriors
  11 two-headed ogres
  3 dancing weapons (Elf:1)
  6 death yaks
  A tengu warrior (D:15)
  6 deep elf knights
  A skeletal warrior (D:14)
  3 unseen horrors
  2 deep elf archers (Elf:1)
  2 ironbrand convokers (Desolation)
  Pikel (D:4)
  7 orb spiders
  15 wolf spiders
  A manticore (D:11)
  An orc sorcerer (D:15)
  9 ugly things
  13 cyclopes
  18 deep elf magi
  An orb spider (shapeshifter) (Elf:1)
  4 elephants (Lair:6)
  A moth of wrath (Spider:2)
  2 black mambas
  A guardian serpent (Desolation)
  17 spiny frogs
  An ice statue (D:12)
  A gargoyle (D:12)
  A torpor snail (Lair:3)
  8 centaur skeletons
  2 rime drakes (Lair:3)
  A yaktaur (D:15)
  A redback zombie (D:15)
  9 komodo dragons
  4 demonic crawlers
  A tengu conjurer (D:15)
  A meliai (D:12)
  12 jumping spiders
  9 slime creatures
  8 trolls
  A harpy skeleton (D:15)
  4 tyrant leeches (Lair:6)
  2 hornets
  6 dream sheep (Lair:6)
  54 saltlings (Desolation)
  11 blink frogs (Lair:6)
  10 hippogriffs
  Sigmund (D:2)
  A centaur simulacrum (D:14)
  23 redbacks
  A shadow (D:8)
  5 wraiths
  2 wyverns
  A human (D:7)
  15 tarantellas
  A vampire (D:10)
  7 hogs
  41 yaks
  The ghost of Nattefrost the Ducker, an amateur MfHu (D:3)
  2 hungry ghosts
  8 vampire mosquitoes
  5 water moccasins
  3 acid dragons
  A soldier ant (D:12)
  8 porcupines
  19 orc warriors
  4 black bears
  An eye of draining (D:12)
  6 ice beasts
  3 sky beasts
  8 ogres
  7 phantoms
  11 wolves
  14 centaurs
  15 crocodiles
  3 big kobolds
  28 bullfrogs
  2 earth elementals
  A wyvern zombie (D:8)
  4 wyvern skeletons
  3 scorpions
  8 killer bees
  10 wights
  An electric eel (Lair:6)
  7 howler monkeys
  6 crimson imps
  A bullfrog zombie (D:5)
  3 centaur zombies
  6 hounds
  23 orc priests
  2 jellies
  Jessica (D:3)
  6 iguanas
  Terence (D:3)
  17 orc wizards
  A hell rat (D:9)
  18 worker ants
  A killer bee zombie (D:9)
  A hound zombie (D:7)
  3 hound skeletons
  A howler monkey zombie (D:9)
  4 gnolls (D:3)
  8 adders
  4 river rats
  A shadow imp (D:7)
  6 oozes
  An adder zombie (D:8)
  An adder skeleton (D:4)
  5 worms
  2 dart slugs (D:1)
  8 leopard geckos
  62 orcs
  5 ball pythons
  5 bats
  8 giant cockroaches
  8 goblins
  8 hobgoblins
  8 jackals
  8 quokkas
  5 frilled lizards
  A jackal zombie (D:7)
  16 kobolds
  A leopard gecko skeleton (D:8)
  A quokka skeleton (D:6)
  16 rats
  A fungus (Orc:2)
  A plant (Lair:6)
902 creatures vanquished.

Vanquished Creatures (collateral kills)
  An entropy weaver (Spider:3)
  A halazid warlock (Desolation)
  The ghost of NormalPerson7 the Severer, a journeyman HOGl of Okawaru (Lair:1)
  Harold (Lair:3)
  3 hydras
  A peacekeeper (Desolation)
  2 wolf spiders (Spider:3)
  A spiny frog (Lair:3)
  A demonic crawler (Spider:3)
  4 jumping spiders
  3 saltlings (Desolation)
  3 redbacks
  3 yaks (Lair:3)
  A tarantella (Spider:3)
  A swamp drake (Lair:3)
  A crocodile (Lair:3)
  2 iguanas (Lair:3)
30 creatures vanquished.

Vanquished Creatures (others)
  A deep elf mage (Elf:1)
  A blink frog (Lair:6)
  A tarantella (Spider:2)
  2 vampire mosquitoes (Lair:6)
  Duvessa (D:4)
  An ogre (D:4)
  3 bullfrogs (Lair:6)
  Dowan (D:4)
  An orc priest (D:4)
  An adder (D:4)
  2 orcs (D:4)
  A bat (D:3)
  A quokka (D:3)
  A bush (Lair:6)
  12 fungi
  38 plants
68 creatures vanquished.

Grand Total: 1000 creatures vanquished

Notes
Turn   | Place    | Note
-------+----------+-------------------------------------------
     0 | D:1      | taran the Merfolk Berserker began the quest for the Orb.
     0 | D:1      | Reached XP level 1. HP: 18/18 MP: 1/1
   100 | D:1      | Reached skill level 5 in Polearms
   180 | D:1      | Reached XP level 2. HP: 24/24 MP: 2/2
   273 | D:1      | Reached skill level 6 in Polearms
   273 | D:1      | Reached XP level 3. HP: 28/29 MP: 3/3
   857 | D:2      | Noticed Sigmund
   866 | D:2      | Killed Sigmund
   866 | D:2      | Reached ** piety under Trog
   866 | D:2      | Reached skill level 9 in Polearms
   866 | D:2      | Reached XP level 4. HP: 35/35 MP: 4/4
   866 | D:2      | Reached XP level 5. HP: 41/41 MP: 5/5
  1349 | D:3      | Noticed Terence
  1359 | D:3      | Killed Terence
  1359 | D:3      | Reached XP level 6. HP: 47/47 MP: 6/6
  1435 | D:3      | Found a white marble altar of Elyvilon.
  1467 | D:3      | Noticed Jessica
  1494 | D:3      | Killed Jessica
  1515 | D:3      | Noticed Nattefrost's ghost (amateur MfHu)
  1530 | D:3      | Killed Nattefrost's ghost
  1594 | D:3      | Found a shadowy altar of Dithmenos.
  1871 | D:3      | Found a glowing drain.
  1880 | Sewer    | Entered a sewer
  1981 | Sewer    | Reached XP level 7. HP: 54/54 MP: 7/7
  2153 | Sewer    | Reached *** piety under Trog
  2473 | Sewer    | Reached skill level 1 in Throwing
  2701 | D:3      | Found an ancient bone altar of Kikubaaqudgha.
  2701 | D:3      | Found an iron altar of Okawaru.
  3389 | D:4      | Noticed Pikel
  3424 | D:4      | Killed Pikel
  3424 | D:4      | Reached **** piety under Trog
  3424 | D:4      | Reached skill level 5 in Fighting
  3424 | D:4      | Reached skill level 10 in Polearms
  3424 | D:4      | Reached skill level 5 in Dodging
  3424 | D:4      | Reached XP level 8. HP: 62/62 MP: 8/8
  3427 | D:4      | Noticed Duvessa
  3445 | D:4      | Killed Duvessa
  3553 | D:4      | Noticed a two-headed ogre
  3564 | D:4      | Killed a two-headed ogre
  3564 | D:4      | Reached skill level 11 in Polearms
  3564 | D:4      | Reached XP level 9. HP: 66/69 MP: 9/9
  3674 | D:4      | Found Efyguv's Book Boutique.
  3829 | D:4      | Noticed Dowan
  3839 | D:5      | Entered Level 5 of the Dungeon
  4021 | D:5      | Found a deep blue altar of Sif Muna.
  4109 | D:5      | Found a glowing golden altar of the Shining One.
  4186 | D:5      | Reached skill level 1 in Evocations
  4248 | D:5      | Found a glowing silver altar of Zin.
  4589 | D:4      | Killed Dowan
  4722 | D:5      | Found a shattered altar of Ashenzari.
  5101 | D:6      | Received a gift from Trog
  5604 | D:6      | Found a hide-covered altar of Uskayaw.
  5843 | D:6      | Reached XP level 10. HP: 76/77 MP: 12/12
  5907 | D:6      | Received a gift from Trog
  6204 | D:6      | Reached skill level 5 in Throwing
  6326 | D:7      | Found an iron altar of Okawaru.
  6331 | D:7      | Got an encrusted spear
  6443 | D:7      | Reached skill level 12 in Polearms
  6653 | D:7      | Found a staircase to the Ecumenical Temple.
  6660 | Temple   | Entered the Ecumenical Temple
  7159 | D:7      | Reached ***** piety under Trog
  7658 | D:8      | Found a sparkling altar of Nemelex Xobeh.
  7878 | D:8      | Reached skill level 5 in Armour
  7980 | D:8      | Noticed a centaur warrior
  7980 | D:8      | Noticed a centaur warrior
  8005 | D:8      | Killed a centaur warrior
  8316 | D:8      | Found a hide-covered altar of Uskayaw.
  8385 | D:8      | Killed a centaur warrior
  8385 | D:8      | Reached XP level 11. HP: 86/86 MP: 14/14
  8541 | D:8      | Noticed a two-headed ogre
  8601 | D:8      | Killed a two-headed ogre
  8601 | D:8      | Reached skill level 5 in Evocations
  8632 | D:8      | Reached skill level 13 in Polearms
  8858 | D:9      | Identified the cursed +0 spear of Experimentation {pierce, +Fly rC+ Int+4} (You found it on level 7 of the Dungeon)
  8926 | D:9      | Noticed a death yak
  8950 | D:9      | Killed a death yak
  8960 | D:9      | Found a staircase to the Lair.
  8960 | D:9      | Noticed a death yak
  9066 | D:9      | Found a blossoming altar of Fedhas.
  9069 | D:9      | Found an opulent altar of Gozag.
  9074 | D:9      | Found a glowing golden altar of the Shining One.
  9136 | D:9      | Noticed a death yak
  9143 | D:9      | Killed a death yak
  9148 | D:9      | Killed a death yak
  9399 | D:9      | Reached skill level 10 in Dodging
  9699 | D:9      | Received a gift from Trog
  9811 | Lair:1   | Entered Level 1 of the Lair of Beasts
  9980 | Lair:1   | Noticed NormalPerson7's ghost (journeyman HOGl)
 10560 | Lair:1   | Killed NormalPerson7's ghost
 10669 | Lair:1   | Reached XP level 12. HP: 95/95 MP: 16/16
 11790 | Lair:2   | Received a gift from Trog
 11880 | Lair:2   | Noticed a six-headed hydra
 11890 | Lair:2   | Killed a six-headed hydra
 12368 | Lair:3   | Noticed a six-headed hydra
 12379 | Lair:3   | Killed a ten-headed hydra
 12379 | Lair:3   | Reached skill level 14 in Polearms
 12409 | Lair:3   | Noticed Harold
 12409 | Lair:3   | Noticed Rupert
 12413 | Lair:3   | Paralysed by Rupert for 7 turns
 12934 | Lair:3   | Noticed an eight-headed hydra
 12938 | Lair:3   | Killed a nine-headed hydra
 13115 | Lair:3   | Killed Harold
 13139 | Lair:3   | Found a staircase to the Swamp.
 13304 | Lair:3   | Killed Rupert
 13304 | Lair:3   | Reached skill level 10 in Fighting
 13607 | Lair:4   | Noticed Josephine
 13621 | Lair:3   | Reached XP level 13. HP: 92/103 MP: 18/18
 13810 | Lair:4   | Killed Josephine
 13855 | Lair:4   | Found a hole to the Spider Nest.
 15838 | Lair:6   | Entered Level 6 of the Lair of Beasts
 15838 | Lair:6   | Found a runed door.
 15838 | Lair:6   | Found a viscous altar of Jiyva.
 15838 | Lair:6   | Noticed an acid blob
 15839 | Lair:6   | Found a staircase to the Slime Pits.
 15839 | Lair:6   | Noticed an acid blob
 15870 | Lair:6   | Reached skill level 15 in Polearms
 17108 | Lair:6   | Reached XP level 14. HP: 113/113 MP: 20/20
 17264 | Lair:6   | Reached skill level 10 in Throwing
 17350 | Lair:6   | Received a gift from Trog
 17356 | Lair:6   | Reached skill level 16 in Polearms
 18203 | D:10     | Entered Level 10 of the Dungeon
 18290 | D:10     | Got a translucent scythe
 18291 | D:10     | Identified the +10 scythe of Yqurat {slice, Int+3} (You found it on level 10 of the Dungeon)
 18479 | D:10     | Reached skill level 18 in Polearms
 18479 | D:10     | Reached XP level 15. HP: 104/120 MP: 21/21
 19294 | D:11     | Noticed Snorg
 19306 | D:11     | Killed Snorg
 19854 | D:11     | Received a gift from Trog
 19965 | D:11     | Found a staircase to the Orcish Mines.
 20391 | D:12     | Reached skill level 19 in Polearms
 20437 | D:12     | Received a gift from Trog
 20671 | D:12     | Found Emeos's Assorted Antiques.
 20680 | D:12     | Bought a scroll labeled TEOSAEWEPT for 33 gold pieces
 20680 | D:12     | Bought a scroll of identify for 66 gold pieces
 20680 | D:12     | Bought a wand of paralysis (15) for 66 gold pieces
 20680 | D:12     | Bought a scroll labeled VAMONA TUOTI for 33 gold pieces
 21024 | D:12     | Found a gateway to a bazaar.
 21056 | Bazaar   | Entered a bazaar
 21058 | Bazaar   | Found Viren's Magic Scroll Boutique.
 21062 | Bazaar   | Found Ischy Tid's Antique Weapon Boutique.
 21062 | Bazaar   | Found Fili Moe's Distillery.
 21063 | Bazaar   | Found Jiquutih's Distillery.
 21098 | Bazaar   | Bought a runed blowgun for 115 gold pieces
 21106 | Bazaar   | Bought a potion of mutation for 96 gold pieces
 21106 | Bazaar   | Bought a potion of lignification for 36 gold pieces
 21109 | Bazaar   | Bought a potion of might for 48 gold pieces
 21114 | Bazaar   | Bought a scroll of acquirement for 416 gold pieces
 21114 | Bazaar   | Bought a scroll of teleportation for 24 gold pieces
 21114 | Bazaar   | Bought a scroll of random uselessness for 8 gold pieces
 22180 | D:14     | Received a gift from Trog
 22200 | D:14     | Found a gate to the Vaults.
 22206 | D:14     | Reached skill level 20 in Polearms
 22206 | D:14     | Reached XP level 16. HP: 129/129 MP: 22/22
 22298 | D:14     | Received a gift from Trog
 22413 | D:14     | Noticed Kirke
 22425 | D:14     | Killed Kirke
 23042 | D:15     | Entered Level 15 of the Dungeon
 23139 | D:15     | Reached skill level 21 in Polearms
 23238 | D:15     | Found a staircase to the Depths.
 23563 | D:15     | Received a gift from Trog
 24022 | Orc:1    | Entered Level 1 of the Orcish Mines
 24179 | Orc:2    | Entered Level 2 of the Orcish Mines
 24179 | Orc:2    | Found a labyrinth entrance.
 24179 | Orc:2    | Found Agityuf's Antique Armour Shop.
 24226 | Lab      | Entered a labyrinth
 24689 | Orc:2    | Found Pyqexzef's Antique Armour Shop.
 24690 | Orc:2    | Noticed Donald
 24718 | Orc:2    | Killed Donald
 24784 | Orc:2    | Found Hycryol's Book Shoppe.
 24814 | Orc:2    | Reached skill level 10 in Armour
 24948 | Orc:2    | Found Tiagou Aptuo's Antique Armour Shop.
 24965 | Orc:2    | Found Bawi's General Store.
 24970 | Orc:2    | Bought a pair of runed boots for 180 gold pieces
 25053 | Orc:2    | Found Tiroemi's General Store.
 25055 | Orc:2    | Bought a +2 pair of gloves of archery for 301 gold pieces
 25065 | Orc:2    | Found a roughly hewn altar of Beogh.
 25098 | Orc:2    | Found Atheih's Book Emporium.
 25324 | Orc:2    | Reached ****** piety under Trog
 25326 | Orc:2    | Found a staircase to the Elven Halls.
 25538 | Orc:2    | Found Xigenara's Antique Weapon Boutique.
 26488 | Elf:1    | Entered Level 1 of the Elven Halls
 26497 | Elf:1    | Received a gift from Trog
 26552 | Elf:1    | Reached skill level 22 in Polearms
 26732 | Elf:1    | Reached XP level 17. HP: 137/139 MP: 7/23
 26744 | Elf:1    | Found a ruined gateway.
 26771 | Desolati | Entered the Desolation of Salt
 27480 | Desolati | Received a gift from Trog
 27502 | Desolati | Got a warped chain mail
 27504 | Desolati | Identified the Almanac of Ashen Contamination
 27519 | Desolati | Identified the +3 chain mail of Anaesthesia {rF+ Str-5 Int+4} (You found it in the Desolation of Salt)
 27531 | Desolati | Got a distressingly furry ring mail
 27543 | Desolati | Identified the +4 ring mail "Elaagriz" {rElec rCorr Str+4 Int-5} (You found it in the Desolation of Salt)
 27687 | Desolati | Reached skill level 23 in Polearms
 27989 | Desolati | Got a distressingly furry plate armour
 28003 | Desolati | Identified the cursed +1 plate armour of Insecurity {rN+} (You found it in the Desolation of Salt)
 28069 | Desolati | Received a gift from Trog
 28420 | Desolati | Reached skill level 15 in Fighting
 28510 | Desolati | Got a scorched ring mail
 28521 | Desolati | Identified the +8 ring mail of Somewhere Else {rN+} (You found it in the Desolation of Salt)
 28688 | Elf:1    | Received a gift from Trog
 28859 | Elf:1    | Received a gift from Trog
 28901 | Elf:1    | Identified the Compendium of Conjuration
 29702 | Spider:1 | Entered Level 1 of the Spider Nest
 29721 | Spider:1 | Received a gift from Trog
 29861 | Spider:1 | Noticed Frances
 29879 | Spider:1 | Killed Frances
 29879 | Spider:1 | Reached XP level 18. HP: 149/149 MP: 8/24
 30587 | Spider:1 | Reached skill level 24 in Polearms
 31026 | Spider:1 | Noticed Agnes
 31032 | Spider:1 | Killed Agnes
 31540 | Spider:1 | Received a gift from Trog
 32633 | Spider:3 | Paralysed by a hornet for 2 turns
 32634 | Spider:3 | Slain by a hornet

Skill      XL: |  1  2  3  4  5  6  7  8  9 10 11 12 13 14 15 16 17 18 |
---------------+-------------------------------------------------------+-----
Polearms       | 5 6 9 10 11 12 13 14 15 18 20 22 23 24 | 24.1
Dodging        | 3 5 6 7 9 10 11 12 | 12.7
Fighting       | 4 5 6 8 9 10 11 12 14 15 | 15.9
Armour         | 2 3 4 5 6 7 8 9 10 11 | 11.6
Throwing       | 2 3 4 6 7 8 9 10 | 10.7
Evocations     | 2 4 6 7 8 |  8.0

Action                   |  1- 3 |  4- 6 |  7- 9 | 10-12 | 13-15 | 16-18 || total
-------------------------+-------+-------+-------+-------+-------+-------++-------
Melee: Spear             |    93 |   134 |   475 |       |       |       ||   702
       Tailslap          |       |     4 |    10 |       |     5 |       ||    19
       Halberd           |       |       |    57 |   688 |   399 |       ||  1144
       Bardiche          |       |       |       |       |   478 |   975 ||  1453
       Scythe            |       |       |       |       |     6 |       ||     6
 Fire: Blowgun           |       |       |       |     2 |     2 |     3 ||     7
Throw: Stone             |     6 |    10 |    90 |    89 |       |       ||   195
       Javelin           |       |       |       |    39 |    50 |    39 ||   128
Invok: Berserk           |     2 |     2 |    11 |    14 |    12 |    10 ||    51
       Brothers in Arms  |       |       |       |     5 |       |     3 ||     8
       Burn Spellbooks   |       |       |       |     2 |     2 |     6 ||    10
       Trog's Hand       |       |       |       |     1 |     1 |     1 ||     3
Evoke: Wand              |       |       |       |     4 |    42 |    12 ||    58
  Use: Scroll            |       |       |       |    16 |    15 |    15 ||    46
       Potion            |       |       |       |     1 |     3 |     3 ||     7
 Stab: Paralysed         |       |       |       |       |     8 |    12 ||    20
       Distracted        |       |       |       |       |       |     2 ||     2
  Eat: Chunk             |     1 |     6 |    18 |    38 |    28 |    33 ||   124
       Ration            |       |       |     1 |     2 |     3 |     3 ||     9
Armor: Animal skin       |     1 |       |       |       |       |       ||     1
       Ring mail         |    10 |     7 |       |       |       |   193 ||   210
       Chain mail        |       |    15 |    96 |    74 |       |       ||   185
       Plate armour      |       |       |       |   147 |   405 |   198 ||   750
Dodge: Dodged            |    47 |    44 |    97 |   218 |   428 |   559 ||  1393
